 Dungeon Crawl Stone Soup version 0.20.1-1-g8b1a95d (webtiles) character file.

24719 Mysteryquy the Basher (level 13, -2/86 HPs)
             Began as a Gargoyle Berserker on July 23, 2017.
             Was a High Priest of Trog.
             Slain by Snorg (5 damage)
             ... on level 14 of the Dungeon on Aug 27, 2017.
             The game lasted 00:40:19 (16172 turns).

Mysteryquy the Basher (Gargoyle Berserker)         Turns: 16172, Time: 00:40:19

Health: -2/86      AC: 30    Str: 25    XL:     13   Next: 14%
Magic:  13/13      EV:  8    Int: 11    God:    Trog [*****.]
Gold:   825        SH:  3    Dex:  9    Spells: 12/12 levels left

rFire    . . .     SeeInvis .   a - +1 dire flail
rCold    + . .     Gourm    .   (shield currently unavailable)
rNeg     + . .     Faith    .   M - +0 plate armour
rPois    ∞         Spirit   .   R - +0 helmet
rElec    +         Reflect  +   N - +0 cloak
rCorr    .         Harm     .   l - +0 pair of gloves
MR       .....                  (no boots)
Stlth    ..........             m - +3 amulet of reflection
Regen    0.3/turn               S - ring of protection from cold (curse)
MPRegen  0.2/turn               F - +2 ring of intelligence

@: berserk cooldown, starving, slowed, very slow
A: big wings, rugged brown scales 1, negative energy resistance 1, electricity
resistance, unbreathing, petrification resistance, rot immunity, AC +9
a: Fly, Berserk, Trog's Hand, Brothers in Arms, Burn Spellbooks, Renounce
Religion


You were on level 14 of the Dungeon.
You worshipped Trog.
Trog was extremely pleased with you.
You were starving.

You visited 3 branches of the dungeon, and saw 16 of its levels.

You collected 825 gold pieces.

Inventory:

Hand Weapons
 a - a +1 dire flail (weapon)
 d - a +6 battleaxe of electrocution
Missiles
 Z - 2 needles of sleeping
Armour
 l - a +0 pair of gloves (worn)
 M - a +0 plate armour (worn)
 N - a +0 cloak (worn)
 R - a +0 helmet (worn)
Jewellery
 m - a +3 amulet of reflection (around neck)
 r - an uncursed ring of teleportation
 v - an uncursed ring of see invisible {unknown}
 w - a cursed amulet of inaccuracy {unknown}
 x - an uncursed amulet of magic regeneration {unknown}
 B - a +4 ring of dexterity {unknown}
 F - a +2 ring of intelligence (right hand)
 O - the ring of the Mage {Wiz MR++ Int+3}
   (You found it on level 8 of the Dungeon)

   [ring of wizardry]

   It improves your spell success rate.
   It affects your intelligence (+3).
   It affects your resistance to hostile enchantments.
 S - a cursed ring of protection from cold (left hand)
 U - an uncursed ring of resist corrosion {unknown}
 V - an uncursed ring of magical power {unknown}
 W - an uncursed ring of protection from cold
 X - an uncursed ring of resist corrosion {unknown}
Wands
 h - a wand of iceblast (8/15)
Scrolls
 b - 3 scrolls of fear {unknown}
 g - 17 scrolls of identify {unknown}
 j - 4 scrolls of remove curse
 n - a scroll of recharging
 q - 2 scrolls of enchant weapon {unknown}
 t - 4 scrolls of teleportation {unknown}
 u - a scroll of random uselessness {unknown}
 y - 5 scrolls of magic mapping {unknown}
 z - 2 scrolls of fog {unknown}
 I - 4 scrolls of enchant armour {unknown}
 L - 2 scrolls of summoning {unknown}
Potions
 e - 7 potions of curing {unknown}
 k - 7 potions of flight {unknown}
 p - 4 potions of brilliance {unknown}
 s - a potion of haste
 A - a potion of might
 C - a potion of cancellation
 D - 2 potions of heal wounds
 E - 2 potions of mutation
 G - a potion of agility {unknown}
 J - 3 potions of degeneration {unknown}
 Q - a potion of berserk rage
 T - 2 potions of invisibility {unknown}
Comestibles
 c - 8 bread rations
 f - 12 fruits
 i - 11 meat rations
 o - 11 royal jellies


   Skills:
 + Level 11.5 Fighting
 + Level 3.6(9.6) Axes
 + Level 14.4(14.6) Maces & Flails
 + Level 11.9 Armour
 - Level 1.5 Dodging
   Level 5.1 Shields
 + Level 1.1 Unarmed Combat


You had 12 spell levels left.
You didn't know any spells.

Dungeon Overview and Level Annotations

Branches:
Dungeon (14/15)            Temple (1/1) D:7            Lair (0/6) D:9
    Orc (1/2) D:9          Vaults (0/5) D:13

Altars:
Ashenzari
Cheibriados
Dithmenos
Elyvilon
Fedhas
Gozag
Hepliaklqana
Kikubaaqudgha
Makhleb
Nemelex Xobeh
Okawaru
Qazlal
Ru
Sif Muna
Trog
Uskayaw
Vehumet
Xom
Yredelemnul
Zin
The Shining One

Shops:
D:5 }   D:8 (

Annotations:
D:14 Snorg


Innate Abilities, Weirdness & Mutations

You are resistant to torment.
Your stone body is resilient. (AC +9)
You are immune to poison.
You resist negative energy. (rN+)
You are resistant to electric shocks. (rElec)
You can survive without breathing.
You are immune to petrification.
You are immune to rotting.
Your large and strong wings let you fly indefinitely.
You are partially covered in rugged brown scales. (AC +1, +3% HP)


Message History

Snorg bites you but does no damage. Snorg claws you but does no damage. x2
Something hits you but does no damage. Snorg barely misses you.
Snorg claws you!
* * * LOW HITPOINT WARNING * * *
Snorg barely misses you.
You barely miss Snorg.
Snorg is almost dead.
Snorg bites you!
* * * LOW HITPOINT WARNING * * *
Snorg claws you but does no damage. Snorg barely misses you.
Something hits you but does no damage.
You feel much better. Snorg bites you but does no damage.
Snorg claws you but does no damage. x2; Something hits you but does no damage.
Snorg barely misses you. Snorg claws you.
* * * LOW HITPOINT WARNING * * *
Snorg claws you!
* * * LOW HITPOINT WARNING * * *
Snorg is no longer berserk.
Snorg bites you but does no damage.
Snorg claws you but does no damage. x2; Snorg bites you.
You die...

..#....# ##########....>...
..#...(# #...............
..#....##### #...............
..#........## #.......#.......
###.........######.......#######.
........##..##...........# #.
........#...##.###.......### #.
##....###.....>###.........# #.
#....#...#.....@T{........# #.
#....#.################...# #.
##....#......# ###...# #.
.........###.# ...# #.
...........#.# .....
.......#.#.#.# ...###
....#.##.#.#.# ...#
###.#.##>#.#.# ...#
###.#.##.#.#.######## o..#


You could see Snorg.

Vanquished Creatures
  A centaur warrior (D:14)
  A catoblepas (D:13)
  A vault guard (D:13)
  3 two-headed ogres
  An orc high priest (Orc:1)
  An unseen horror (D:14)
  The ghost of SlightEye the Blocker, a novice FoFi of Okawaru (D:5)
  A deep elf mage (D:12)
  A cyclops (D:14)
  Maurice (D:8)
  Joseph (D:7)
  Psyche (D:11)
  A gargoyle (D:14)
  A kobold demonologist (D:13)
  A tengu conjurer (D:13)
  A freezing wraith (D:14)
  A harpy zombie (D:14)
  5 trolls
  2 hornets
  2 slime creatures (D:12)
  A hippogriff (Temple)
  3 shadows
  12 yaks
  A wyvern (D:13)
  4 water elementals (D:11)
  Eustachio (D:6)
  A hungry ghost (D:9)
  2 vampire mosquitoes (D:11)
  Grum (D:11)
  A basilisk (D:13)
  Menkaure (D:5)
  A soldier ant (D:6)
  3 wargs (D:9)
  An acid dragon (D:11)
  A water moccasin (D:9)
  9 orc warriors
  A necrophage (D:7)
  9 sky beasts
  A black bear (D:8)
  6 ice beasts
  7 ogres
  The ghost of Ejeck the Shield-Bearer, an amateur MiFi (D:3)
  4 phantoms
  2 wolves (D:11)
  14 centaurs
  Blork the orc (D:4)
  3 big kobolds
  8 bullfrogs
  A bullfrog (shapeshifter) (D:14)
  A gnoll sergeant (D:10)
  A water moccasin skeleton (D:8)
  18 killer bees
  6 scorpions
  8 wights
  3 centaur zombies
  3 crimson imps
  A quasit (D:11)
  3 centaur skeletons
  4 hounds
  7 orc priests
  5 jellies
  2 bullfrog skeletons
  16 orc wizards
  Ijyb (D:3)
  5 iguanas
  9 worker ants
  A hound zombie (D:10)
  2 hound skeletons
  3 worker ant zombies
  Robin (D:3)
  3 gnolls (D:10)
  A howler monkey skeleton (D:6)
  17 adders
  4 shadow imps
  An ooze (D:1)
  2 adder skeletons
  2 worms (D:3)
  A dart slug (D:2)
  6 leopard geckos
  48 orcs
  2 giant cockroaches
  11 goblins
  14 hobgoblins
  3 jackals (D:3)
  14 kobolds
  4 quokkas
  A ball python (D:2)
  10 bats
  3 frilled lizards
  A leopard gecko skeleton (D:6)
  2 leopard gecko zombies (D:5)
  2 quokka skeletons
  2 quokka zombies
  6 rats
389 creatures vanquished.

Vanquished Creatures (others)
  A kobold (D:12)
1 creature vanquished.

Grand Total: 390 creatures vanquished

Notes
Turn   | Place    | Note
-------+----------+-------------------------------------------
     0 | D:1      | Mysteryquy the Gargoyle Berserker began the quest for the Orb.
     0 | D:1      | Reached XP level 1. HP: 14/14 MP: 1/1
   152 | D:1      | Reached XP level 2. HP: 13/19 MP: 2/2
   451 | D:1      | Reached XP level 3. HP: 23/23 MP: 3/3
   738 | D:2      | Reached skill level 4 in Maces & Flails
  1023 | D:2      | Reached ** piety under Trog
  1046 | D:2      | Reached XP level 4. HP: 22/29 MP: 4/4
  1959 | D:3      | Reached XP level 5. HP: 22/33 MP: 5/5
  2098 | D:3      | Reached skill level 5 in Maces & Flails
  2369 | D:3      | Noticed Ejeck's ghost (amateur MiFi)
  2385 | D:3      | Killed Ejeck's ghost
  2385 | D:3      | Reached XP level 6. HP: 39/39 MP: 6/6
  2520 | D:3      | Noticed Robin
  2533 | D:3      | Killed Robin
  2564 | D:3      | Reached *** piety under Trog
  2697 | D:3      | Noticed Ijyb
  2738 | D:3      | Killed Ijyb
  2738 | D:3      | Reached skill level 6 in Maces & Flails
  3039 | D:3      | Reached XP level 7. HP: 15/44 MP: 7/7
  3331 | D:4      | Noticed Blork the orc
  3344 | D:4      | Killed Blork the orc
  3446 | D:4      | Reached skill level 1 in Shields
  3995 | D:5      | Entered Level 5 of the Dungeon
  4000 | D:5      | Reached skill level 7 in Maces & Flails
  4007 | D:5      | Noticed Menkaure
  4023 | D:5      | Killed Menkaure
  4023 | D:5      | Reached skill level 1 in Unarmed Combat
  4152 | D:5      | Reached skill level 5 in Fighting
  4209 | D:5      | Noticed SlightEye's ghost (novice FoFi)
  4274 | D:5      | Reached XP level 8. HP: 49/49 MP: 8/8
  4518 | D:5      | Killed SlightEye's ghost
  4518 | D:5      | Reached skill level 8 in Maces & Flails
  4518 | D:5      | Reached skill level 5 in Armour
  4589 | D:5      | Found Risi's Gadget Boutique.
  5230 | D:6      | Noticed Eustachio
  5265 | D:6      | Reached XP level 9. HP: 55/55 MP: 9/9
  5294 | D:6      | Reached **** piety under Trog
  5345 | D:6      | Reached skill level 9 in Maces & Flails
  5408 | D:6      | Killed Eustachio
  6022 | D:6      | Found a deep blue altar of Sif Muna.
  6442 | D:7      | Found a stormy altar of Qazlal.
  6537 | D:7      | Noticed Joseph
  6549 | D:7      | Killed Joseph
  6613 | D:7      | Reached skill level 10 in Maces & Flails
  6622 | D:7      | Reached XP level 10. HP: 56/63 MP: 10/10
  6719 | D:7      | Found a staircase to the Ecumenical Temple.
  6747 | Temple   | Entered the Ecumenical Temple
  7438 | D:7      | Found a shattered altar of Ashenzari.
  7438 | D:7      | Found a glowing silver altar of Zin.
  7919 | D:8      | Reached ***** piety under Trog
  8335 | D:8      | Found Nughinla's Weapon Boutique.
  8405 | D:8      | Noticed Maurice
  8439 | D:8      | Killed Maurice
  8439 | D:8      | Reached skill level 11 in Maces & Flails
  8545 | D:8      | Noticed a two-headed ogre
  8557 | D:8      | Killed a two-headed ogre
  9152 | D:9      | Found a staircase to the Lair.
  9269 | D:9      | Found a staircase to the Orcish Mines.
  9309 | D:9      | Reached XP level 11. HP: 39/68 MP: 11/11
  9351 | Orc:1    | Entered Level 1 of the Orcish Mines
  9351 | Orc:1    | Noticed an orc high priest
  9511 | Orc:1    | Noticed a sun demon
  9947 | Orc:1    | Noticed a sixfirhy
  9952 | Orc:1    | Killed an orc high priest
  9952 | Orc:1    | Reached skill level 5 in Shields
 10302 | D:9      | Paralysed by fainting for 12 turns
 10325 | D:9      | Reached skill level 10 in Armour
 10897 | D:10     | Entered Level 10 of the Dungeon
 10911 | D:10     | Reached skill level 12 in Maces & Flails
 11176 | D:10     | Noticed a two-headed ogre
 11328 | D:11     | Noticed Grum
 11406 | D:9      | Killed a two-headed ogre
 11915 | D:11     | Killed Grum
 11998 | D:11     | Reached ****** piety under Trog
 12334 | D:11     | Reached XP level 12. HP: 59/77 MP: 12/12
 12373 | D:11     | Reached skill level 13 in Maces & Flails
 12397 | D:11     | Reached skill level 10 in Fighting
 12438 | D:11     | Received a gift from Trog
 12709 | D:11     | Noticed Psyche
 12720 | D:11     | Killed Psyche
 13033 | D:12     | Received a gift from Trog
 13704 | D:12     | Reached skill level 1 in Axes
 13980 | D:12     | You fall through a shaft!
 13980 | D:13     | Noticed a catoblepas
 13988 | D:13     | Killed a catoblepas
 14751 | D:13     | Noticed a two-headed ogre
 14761 | D:13     | Killed a two-headed ogre
 14977 | D:13     | Found a gate to the Vaults.
 14977 | D:13     | Noticed a vault guard
 14986 | D:13     | Killed a vault guard
 15118 | D:14     | Noticed a centaur warrior
 15130 | D:14     | Reached skill level 14 in Maces & Flails
 15134 | D:14     | Killed a centaur warrior
 15217 | D:14     | Reached XP level 13. HP: 54/84 MP: 13/13
 15240 | D:14     | Gained mutation: Your large and strong wings let you fly indefinitely. [potion of mutation]
 15240 | D:14     | Gained mutation: You are partially covered in rugged brown scales. (AC +1, +3% HP) [potion of mutation]
 16135 | D:14     | Noticed Snorg
 16170 | D:14     | HP: 4/86 [Snorg (15)]
 16172 | D:14     | Slain by Snorg

Skill      XL: |  1  2  3  4  5  6  7  8  9 10 11 12 |
---------------+-------------------------------------+-----
Maces & Flails | 4 5 6 7 8 10 11 12 14 | 14.4
Fighting       | 4 5 7 8 9 11 | 11.5
Armour         | 3 4 6 7 9 10 11 | 11.9
Shields        | 1 2 4 5 |  5.1
Unarmed Combat | 1 |  1.1
Axes           | 3 |  3.6
Dodging        | |  1.5

Action                   |  1- 3 |  4- 6 |  7- 9 | 10-12 | 13-15 || total
-------------------------+-------+-------+-------+-------+-------++-------
Melee: Mace              |    94 |   218 |    62 |       |       ||   374
       Unarmed           |       |     6 |       |       |       ||     6
       Whip              |       |       |   365 |   676 |       ||  1041
       Punch             |       |       |     1 |     2 |       ||     3
       Dire flail        |       |       |       |   620 |   109 ||   729
       Battleaxe         |       |       |       |    53 |       ||    53
Invok: Berserk           |       |     1 |     6 |     8 |     1 ||    16
       Burn Spellbooks   |       |       |       |     2 |       ||     2
       Trog's Hand       |       |       |       |     1 |       ||     1
  Use: Scroll            |       |       |       |     6 |       ||     6
       Potion            |       |       |       |     4 |     6 ||    10
  Eat: Chunk             |       |     7 |    13 |    24 |     2 ||    46
       Bread ration      |       |       |     1 |     3 |       ||     4
       Meat ration       |       |       |       |     1 |       ||     1
Armor: Animal skin       |    37 |    19 |       |       |       ||    56
       Scale mail        |       |    93 |   177 |    34 |       ||   304
       Plate armour      |       |       |       |   788 |    79 ||   867
Dodge: Dodged            |    80 |   129 |   146 |   427 |    33 ||   815
Block: Other             |     4 |    25 |    39 |   107 |     7 ||   182
       Reflection        |       |     1 |     2 |     5 |       ||     8
